 Dungeon Crawl Stone Soup version 0.28.0-53-g5a82cb258f (webtiles) character file.

Game seed: 15594719207571751986

201255 Peloso the Hoplite (level 18, -10/174 HPs)
             Began as a Minotaur Fighter on Aug 8, 2022.
             Was the Champion of Okawaru.
             Mangled by a bunyip (24 damage)
             ... on level 4 of the Swamp.
             The game lasted 01:32:47 (35415 turns).

Peloso the Hoplite (Minotaur Fighter)              Turns: 35415, Time: 01:32:48

Health: -10/174    AC: 30    Str: 44    XL:     18   Next: 29%
Magic:  19/19      EV: 11    Int:  8    God:    Okawaru [******]
Gold:   3388       SH: 16    Dex: 14    Spells: 17/17 levels left

rFire   . . .      SeeInvis .   a - +7 long sword of Polliucs {vorpal, rPois Str+7 Int+6}
rCold   + + +      Faith    .   e - +0 kite shield of Gieluonelo {rC+++ Regen+ Str+5 Int-3}
rNeg    + . .      Spirit   .   R - +5 plate armour of Knowledge {+Inv Regen+}
rPois   +          Reflect  .   (helmet restricted)
rElec   +          Harm     .   A - scarf {rC+ rF+}
rCorr   .          Rampage  .   U - +2 pair of gloves of Gallantry {rN+ Regen+}
Will    ++...                   f - +1 pair of boots {Fly}
Stlth   ..........              G - amulet of regeneration
HPRegen 3.59/turn               l - ring "Ozxih" {rElec rPois rF- Will+ Str+7}
MPRegen 0.16/turn               (no ring)

@: lethally poisoned (-10 -> -10), flying, slowed, very slow
A: horns 2, retaliatory headbutt
a: Renounce Religion, Evoke Invisibility, Heroism, Finesse, Duel


You were on level 4 of the Swamp.
You worshipped Okawaru.
Okawaru was exalted by your worship.
You visited 7 branches of the dungeon, and saw 32 of its levels.
You also visited: Bailey and Volcano.

You collected 3651 gold pieces.
You spent 263 gold pieces at shops.

Inventory:

Hand Weapons
 a - the +7 long sword of Polliucs (weapon) {vorpal, rPois Str+7 Int+6}
   (You bought it in a shop on level 2 of the Orcish Mines)

   It inflicts extra damage upon your enemies.
   Str:       It affects your strength (+7).
   Int:       It affects your intelligence (+6).
   rPois:     It protects you from poison.
 b - a +1 scimitar of flaming
 c - the +10 demon blade of Valuable Assets {venom, Str+5}
   (Okawaru gifted it to you on level 1 of the Lair of Beasts)

   It poisons the flesh of those it strikes.
   Str:       It affects your strength (+5).
Armour
 e - the +0 kite shield of Gieluonelo (worn) {rC+++ Regen+ Str+5 Int-3}
   (Okawaru gifted it to you on level 6 of the Lair of Beasts)

   Str:       It affects your strength (+5).
   Int:       It affects your intelligence (-3).
   rC:        It renders you almost immune to cold.
   Regen:     It increases your rate of health regeneration.
 f - a +1 pair of boots of flying (worn)
 p - a +2 cloak of fire resistance
 A - a scarf of resistance (worn)
 K - the +0 pair of gloves of the Mackerel {Will+ Int+6}
   (Okawaru gifted it to you on level 1 of the Swamp)

   Int:       It affects your intelligence (+6).
   Will:      It increases your willpower.
 R - the +5 plate armour of Knowledge (worn) {+Inv Regen+}
   (Okawaru gifted it to you on level 6 of the Dungeon)

   +Inv:      It lets you turn invisible.
   Regen:     It increases your rate of health regeneration.
 U - the +2 pair of gloves of Gallantry (worn) {rN+ Regen+}
   (You found it on level 2 of the Elven Halls)

   rN:        It protects you from negative energy.
   Regen:     It increases your rate of health regeneration.
Jewellery
 k - a +6 ring of dexterity
 l - the ring "Ozxih" (left hand) {rElec rPois rF- Will+ Str+7}
   (You found it on level 3 of the Dungeon)

   [ring of poison resistance]

   Str:       It affects your strength (+7).
   rF:        It makes you vulnerable to fire.
   rElec:     It insulates you from electricity.
   rPois:     It protects you from poison.
   Will:      It increases your willpower.
 m - a +6 ring of intelligence
 q - a ring of positive energy
 G - an amulet of regeneration (around neck)
 N - an amulet of reflection
 Y - a ring of flight
Wands
 w - a wand of paralysis (10)
 D - a wand of digging (10)
Scrolls
 g - a scroll of brand weapon
 i - 4 scrolls of noise
 j - 6 scrolls of teleportation
 s - a scroll of amnesia
 u - 2 scrolls of fog
 y - 8 scrolls of fear
 z - 2 scrolls of immolation
 B - a scroll of blinking
 F - a scroll of silence
 M - 4 scrolls of magic mapping
 O - a scroll of acquirement
Potions
 d - 8 potions of might
 h - 6 potions of invisibility
 n - a potion of berserk rage
 o - 15 potions of curing
 r - 6 potions of haste
 v - a potion of resistance
 x - 5 potions of brilliance {unknown}
 C - 4 potions of attraction {unknown}
 E - a potion of flight
 H - a potion of ambrosia {unknown}
 I - a potion of heal wounds {unknown}
 J - 3 potions of cancellation {unknown}
 P - a potion of mutation
Miscellaneous
 t - a tin of tremorstones (2/2)


   Skills:
 + Level 18.8 Fighting
 + Level 3.5(12.5) Short Blades
 + Level 19.8(20.0) Long Blades
 + Level 19.4 Armour
 + Level 5.0 Dodging
 + Level 1.3 Stealth
 + Level 21.2 Shields
 + Level 3.2 Invocations
 + Level 3.0 Evocations


You had 17 spell levels left.
You didn't know any spells.
Your spell library contained the following spells:

 Spells                   Type           Power      Damage    Failure   Level
 Apportation              Tloc           0%         N/A       83%         1
 Magic Dart               Conj           0%         1d3       83%         1
 Pain                     Necr           0%         1d4       83%         1
 Shock                    Conj/Air       0%         1d3       83%         1
 Blink                    Tloc           0%         N/A       93%         2
 Ensorcelled Hibernation  Hex/Ice        0%         N/A       93%         2
 Poisonous Vapours        Pois/Air       0%         N/A       93%         2
 Scorch                   Fire           0%         2d5       93%         2
 Searing Ray              Conj           0%         2d4       93%         2
 Gell's Gravitas          Tloc           0%         N/A       99%         3
 Lesser Beckoning         Tloc           0%         N/A       99%         3
 Mephitic Cloud           Conj/Pois/Air  0%         N/A       99%         3
 Spider Form              Tmut/Pois      0%         N/A       99%         3
 Swiftness                Air            0%         N/A       99%         3
 Teleport Other           Tloc           0%         N/A       99%         3
 Vampiric Draining        Necr           0%         2d6       99%         3
 Airstrike                Air            0%         N/A       100%        4
 Anguish                  Hex/Necr       0%         N/A       100%        4
 Hailstorm                Conj/Ice       0%         3d3       100%        4
 Ice Form                 Ice/Tmut       0%         N/A       100%        4
 Olgreb's Toxic Radiance  Pois           0%         N/A       100%        4
 Passage of Golubria      Tloc           0%         N/A       100%        4
 Petrify                  Tmut/Erth      0%         N/A       100%        4
 Fireball                 Conj/Fire      0%         3d3       100%        5
 Iskenderun's Battlesphe  Conj           0%         2d6       100%        5
 Manifold Assault         Tloc           0%         N/A       100%        5
 Metabolic Englaciation   Hex/Ice        0%         N/A       100%        5
 Yara's Violent Unravell  Hex/Tmut       0%         3d3       100%        5
 Conjure Ball Lightning   Conj/Air       0%         3x3d6     100%        6
 Statue Form              Tmut/Erth      0%         N/A       100%        6
 Orb of Destruction       Conj           0%         9d5       100%        7
 Storm Form               Tmut/Air       0%         N/A       100%        7
 Maxwell's Capacitive Co  Air            0%         ∞         100%        8
 Chain Lightning          Conj/Air       0%         N/A       100%        9
 Animate Skeleton         Necr           Unusable   N/A       N/A         1
 Tukima's Dance           Hex            Unusable   N/A       N/A         3
 Summon Lightning Spire   Summ/Air       Unusable   N/A       N/A         4
 Simulacrum               Ice/Necr       Unusable   N/A       N/A         6

Dungeon Overview and Level Annotations

Branches:
Dungeon (15/15)            Temple (1/1) D:4            Lair (6/6) D:10
  Swamp (4/4) Lair:3       Spider (1/4) Lair:2        Slime (0/5) Lair:5
    Orc (2/2) D:11            Elf (3/3) Orc:2        Vaults (0/5) D:14
 Depths (0/4) D:15         Bailey (visited)         Volcano (visited)

Altars:
Ashenzari
Cheibriados
Dithmenos
Elyvilon
Fedhas
Gozag
Hepliaklqana
Kikubaaqudgha
Makhleb
Nemelex Xobeh
Okawaru
Qazlal
Ru
Sif Muna
Trog
Uskayaw
Wu Jian
Xom
Yredelemnul
Zin
The Shining One
Beogh

Shops:
Orc:2 (((:*   Elf:1 *   Elf:3 :

Annotations:
D:13 6 runed translucent doors
Lair:1 Casa
Elf:2 2 runed translucent doors


Innate Abilities, Weirdness & Mutations

You have a pair of horns on your head.
You reflexively headbutt those who attack you in melee.


Message History

Your headbutt misses the spriggan air mage.
The spriggan air mage is almost dead.
You feel very sick.
The spriggan air mage waves its arms in wide circles.
The air twists around and strikes you!!
* * * LOW HITPOINT WARNING * * *
You completely miss the spriggan air mage.
Your headbutt misses the spriggan air mage.
The spriggan air mage is almost dead.
You feel very sick.
The spriggan air mage waves its arms in wide circles.
The air twists around and strikes you.
* * * LOW HITPOINT WARNING * * *
The bunyip howls a warning cry!
You hear a chilling moan.
You hear a shout!
You hear a roar!
You hear a chilling moan.
You slice the spriggan air mage!!
You kill the spriggan air mage!
Okawaru accepts your kill.
You hear a splash.
You feel sick. The bunyip claws you!!
* * * LOW HITPOINT WARNING * * *
The bunyip completely misses you. The bunyip claws you!
* * * LOW HITPOINT WARNING * * *
You hit the bunyip but do no damage.
You feel sick.
Unknown command.
You slash the bunyip! Your headbutt misses the bunyip.
The bunyip is lightly wounded.
You feel sick.
The bog body gestures at you while chanting.
The bolt of cold hits you. You resist.
* * * LOW HITPOINT WARNING * * *
Unknown command.
Okay, then.
You slice the bunyip!! You headbutt the bunyip.
The bunyip is heavily wounded.
You are engulfed in freezing vapours.
You resist.
* * * LOW HITPOINT WARNING * * *
You feel sick. You block the bunyip's attack. The bunyip claws you!!
You die...

##≈≈≈ ##≈≈≈.
○#≈≈≈≈. .○≈≈≈..
°°.≈≈..♣♣♣♣♣♣♣
#..≈≈≈..♣....♣
#≈≈†.<.≈.°♣
♣≈≈≈.†≈≈°.♣♣
♣♣≈≈..≈@x≈.♣
≈...≈..°≈[§.♣
≈≈≈≈≈≈≈n≈≈.≈.≈.≈≈
..≈≈≈§≈≈..≈≈.≈≈≈≈≈
≈≈≈≈≈≈≈≈..)≈≈≈≈≈≈≈
≈.≈.≈≈.≈.≈≈≈≈.....
≈.≈≈≈..≈.≈≈.≈♣♣♣
.≈≈.♣≈≈≈≈.♣♣♣


You could see a bunyip (catching breath) and a bog body.

Vanquished Creatures
  2 deep elf master archers (Elf:3)
  2 deep elf blademasters (Elf:3)
  Frances (D:13)
  An emperor scorpion (Lair:2)
  3 deep elf sorcerers
  A deep elf elementalist (Elf:3)
  An orc warlord (Orc:1)
  2 broodmothers (Lair:2)
  2 deep elf demonologists
  An eleionoma (Swamp:1)
  2 dire elephants (Swamp:1)
  9 deep elf annihilators (Elf:3)
  5 bunyips
  4 deep elf death magi
  2 deep elf high priests
  4 ogre magi (Orc:2)
  A spriggan air mage (Swamp:4)
  8 vault guards (D:14)
  4 ghost crabs
  16 hydras
  5 boulder beetles
  2 catoblepae
  A radroach (Spider:1)
  15 two-headed ogres
  5 centaur warriors
  4 death yaks (Lair:3)
  17 dancing weapons
  15 deep elf knights
  5 goliath frogs
  A pharaoh ant (Lair:2)
  3 swamp dragons
  2 spriggan druids
  A death drake (Swamp:4)
  A steelbarb worm (Spider:1)
  25 deep elf archers
  4 lindwurms (D:8)
  6 bog bodies
  31 deep elf pyromancers
  19 deep elf zephyrmancers
  The ghost of kalagan the Magician, a novice DECj (D:6)
  2 manticores (D:15)
  A wolf spider (shapeshifter) (D:15)
  9 wolf spiders
  12 ugly things
  An orc sorcerer (Orc:1)
  2 cyclopes (D:12)
  A cyclops (shapeshifter) (D:13)
  13 elephants
  2 will-o-the-wisps
  A moth of wrath (Spider:1)
  A guardian serpent (shapeshifter) (D:15)
  5 torpor snails
  A naga mage (D:15)
  8 black mambas
  2 gargoyles (D:12)
  17 cane toads
  3 swamp worm zombies (Swamp:4)
  A demonic crawler (Spider:1)
  9 komodo dragons
  2 efreet (D:14)
  A komodo dragon (shapeshifter) (D:14)
  6 unseen horrors
  6 rime drakes
  A freezing wraith (Lair:1)
  An ice devil (Lair:1)
  A meliai (shapeshifter) (D:15)
  8 polar bears
  6 trolls
  3 meliai
  A raiju (Swamp:1)
  9 hornets
  13 tarantellas (Spider:1)
  4 slime creatures
  2 alligator zombies (Swamp:4)
  13 blink frogs
  2 tyrant leeches
  9 dream sheep
  10 jumping spiders (Spider:1)
  19 spriggans
  A dire elephant simulacrum (Lair:1)
  4 air elementals
  A centaur simulacrum (D:15)
  5 wraiths
  A wyvern (D:10)
  2 water elementals (Elf:1)
  43 yaks
  2 fire elementals
  6 culicivoras (Spider:1)
  3 basilisks
  A yak (shapeshifter) (D:13)
  8 redbacks (Spider:1)
  11 vampire mosquitoes
  3 steam dragons
  15 swamp worms
  8 hell hounds (Volcano)
  6 wargs
  4 acid dragons
  14 water moccasins
  33 orc warriors
  3 swamp drakes
  2 ice beasts
  4 black bears (Lair:6)
  4 boggarts (Lair:6)
  25 centaurs
  29 ogres
  46 wolves
  5 kobold brigands
  A gnoll sergeant (D:11)
  17 bullfrogs
  A water moccasin zombie (D:4)
  7 scorpions
  8 earth elementals
  A cane toad simulacrum (Lair:1)
  2 water moccasin skeletons (D:4)
  8 wights
  13 killer bees
  5 electric eels
  4 howler monkeys
  3 centaur zombies
  5 jellies
  5 quasits (D:6)
  A centaur skeleton (D:5)
  3 hounds
  13 orc priests
  A gnoll shaman (D:7)
  2 bullfrog zombies
  An iguana (D:4)
  24 orc wizards
  3 spriggan simulacra (Lair:1)
  3 wolf simulacra (Lair:1)
  A killer bee zombie (D:8)
  3 hound zombies (D:4)
  A howler monkey zombie (D:4)
  8 adders
  A howler monkey skeleton (D:7)
  14 gnolls
  A white imp (Lair:1)
  An adder zombie (D:4)
  4 worms
  3 dart slugs
  73 orcs
  8 endoplasms
  4 giant cockroaches
  10 goblins
  5 hobgoblins
  9 jackals
  7 quokkas
  5 ball pythons
  8 bats
  4 frilled lizards
  24 kobolds
  8 rats
  A plant (Lair:1)
1065 creatures vanquished.

Vanquished Creatures (others)
  A shambling mangrove (Swamp:3)
  A spriggan berserker (Swamp:3)
  A deep elf knight (Elf:3)
  A deep elf pyromancer (Elf:2)
  3 bloated husks
  A spriggan (Swamp:3)
  6 foxfires
  37 fungi
  31 plants
  3 withered plants (D:4)
85 creatures vanquished.

Grand Total: 1150 creatures vanquished

Notes
Turn   | Place    | Note
-------+----------+-------------------------------------------
     0 | D:1      | Peloso the Minotaur Fighter began the quest for the Orb.
     0 | D:1      | Reached XP level 1. HP: 19/19 MP: 0/0
    51 | D:1      | Reached XP level 2. HP: 26/27 MP: 1/1
   203 | D:1      | Found a faded altar of an unknown god.
   458 | D:1      | Reached XP level 3. HP: 17/33 MP: 2/2
   830 | D:1      | Reached skill level 4 in Shields
  1362 | D:2      | Found a hide-covered altar of Uskayaw.
  1455 | D:2      | Reached XP level 4. HP: 40/40 MP: 3/3
  2001 | D:3      | Found a shimmering altar of Xom.
  2147 | D:3      | Identified the ring "Ozxih" {rElec rPois rF- Will+ Str+7}
  2690 | D:4      | Reached XP level 5. HP: 47/47 MP: 4/4
  2705 | D:4      | Reached skill level 5 in Armour
  2924 | D:4      | Noticed an ogre
  2941 | D:5      | Entered Level 5 of the Dungeon
  2978 | D:5      | Reached skill level 5 in Long Blades
  3067 | D:5      | Reached XP level 6. HP: 51/55 MP: 5/5
  3182 | D:5      | Reached skill level 5 in Fighting
  3382 | D:5      | Reached XP level 7. HP: 61/61 MP: 6/6
  3966 | D:4      | Reached skill level 5 in Shields
  4312 | D:4      | Reached XP level 8. HP: 63/70 MP: 7/7
  4487 | D:4      | Found a staircase to the Ecumenical Temple.
  4674 | Temple   | Entered the Ecumenical Temple
  4769 | Temple   | Became a worshipper of Warmaster Okawaru
  4879 | D:6      | Reached skill level 1 in Dodging
  5014 | D:6      | Found a transporter.
  5017 | D:6      | Noticed kalagan's ghost (novice DECj)
  5054 | D:6      | Reached * piety under Okawaru
  5088 | D:6      | Reached skill level 6 in Shields
  5183 | D:6      | Reached XP level 9. HP: 71/78 MP: 8/8
  5266 | D:6      | Found a transporter.
  5311 | D:6      | Found a sacrificial altar of Ru.
  5551 | D:7      | Reached skill level 10 in Long Blades
  5968 | D:6      | Reached ** piety under Okawaru
  6455 | D:8      | Reached skill level 7 in Shields
  6616 | D:8      | Noticed a two-headed ogre
  6629 | D:8      | Killed a two-headed ogre
  6629 | D:8      | Reached *** piety under Okawaru
  6630 | D:8      | Reached XP level 10. HP: 27/88 MP: 6/9
  7197 | D:8      | Noticed a lindwurm
  7197 | D:8      | Noticed a lindwurm
  7201 | D:8      | Noticed a lindwurm
  7393 | D:9      | Reached skill level 8 in Shields
  7402 | D:9      | Reached skill level 10 in Armour
  7480 | D:9      | Found a flagged portal.
  7554 | Bailey   | Entered a bailey
  8000 | Bailey   | Reached **** piety under Okawaru
  8368 | Bailey   | Reached skill level 9 in Shields
  8644 | Bailey   | Reached skill level 1 in Evocations
  9349 | D:9      | Found an ornate altar of the Wu Jian Council.
 10075 | D:10     | Entered Level 10 of the Dungeon
 10081 | D:10     | Found a staircase to the Lair.
 10093 | D:10     | Reached XP level 11. HP: 84/95 MP: 10/10
 10219 | D:10     | Found a blossoming altar of Fedhas.
 10256 | D:10     | Identified the +10 short sword of Conscience {vorpal, *Rage
                  | rElec Str+4 Int+4}
 11124 | D:11     | Noticed a boulder beetle
 11135 | D:11     | Killed a boulder beetle
 11526 | D:11     | Found a staircase to the Orcish Mines.
 11545 | D:11     | Reached skill level 10 in Shields
 12355 | Lair:1   | Entered Level 1 of the Lair of Beasts
 12361 | Lair:1   | Reached ***** piety under Okawaru
 12990 | Lair:1   | Identified the +0 scimitar of Ghostly Prudence {holy, rElec
                  | rCorr} (Okawaru gifted it to you on level 1 of the Lair of
                  | Beasts)
 12990 | Lair:1   | Received a gift from Okawaru
 13221 | Lair:1   | Noticed a bog body
 13269 | Lair:1   | Reached skill level 10 in Fighting
 13269 | Lair:1   | Reached XP level 12. HP: 85/106 MP: 9/11
 13653 | Lair:1   | Reached skill level 11 in Shields
 14546 | Lair:1   | Identified the +10 demon blade of Valuable Assets {venom,
                  | Str+5} (Okawaru gifted it to you on level 1 of the Lair of
                  | Beasts)
 14546 | Lair:1   | Received a gift from Okawaru
 14891 | Lair:2   | Noticed a six-headed hydra
 14971 | Lair:2   | Reached skill level 1 in Invocations
 14982 | Lair:2   | Killed a six-headed hydra
 15268 | Lair:2   | Found a hole to the Spider Nest.
 15423 | Lair:2   | You fall into a shaft and drop 1 floor!
 15545 | Lair:3   | Reached skill level 1 in Short Blades
 15650 | Lair:3   | Noticed a death yak
 15650 | Lair:3   | Noticed a death yak
 15651 | Lair:3   | Found a staircase to the Swamp.
 15651 | Lair:3   | Noticed a death yak
 15669 | Lair:3   | Killed a death yak
 15673 | Lair:3   | Killed a death yak
 15682 | Lair:3   | Killed a death yak
 15969 | Lair:3   | Reached skill level 12 in Shields
 16080 | Lair:3   | Identified the +5 plate armour of the Past {Dex+4} (Okawaru
                  | gifted it to you on level 3 of the Lair of Beasts)
 16080 | Lair:3   | Received a gift from Okawaru
 16160 | Lair:3   | Noticed a death yak
 16178 | Lair:3   | Killed a death yak
 16179 | Lair:3   | Reached XP level 13. HP: 74/116 MP: 10/13
 16222 | Lair:3   | Reached ****** piety under Okawaru
 16787 | Lair:4   | Reached skill level 15 in Long Blades
 16915 | Lair:4   | Reached skill level 15 in Armour
 17589 | D:8      | Received a gift from Okawaru
 17591 | D:8      | Reached skill level 1 in Stealth
 18105 | Orc:1    | Entered Level 1 of the Orcish Mines
 18219 | Orc:1    | Identified the +4 dagger of the Howling One {flame, rC+
                  | Str-3 Stlth+} (Okawaru gifted it to you on level 1 of the
                  | Orcish Mines)
 18219 | Orc:1    | Received a gift from Okawaru
 18263 | Orc:1    | Found a dark tunnel.
 18280 | Volcano  | Entered a volcano
 18313 | Volcano  | Reached skill level 13 in Shields
 18368 | Volcano  | Reached XP level 14. HP: 118/130 MP: 14/14
 18643 | Orc:2    | Entered Level 2 of the Orcish Mines
 18750 | Orc:1    | You fall into a shaft and drop 1 floor!
 18877 | Orc:2    | Found Muath's Weapon Boutique.
 18884 | Orc:2    | Noticed an orc warlord
 18956 | Orc:1    | Killed an orc warlord
 19259 | Orc:2    | Found a staircase to the Elven Halls.
 19285 | Orc:2    | Identified the +1 falchion "Lijuh" {venom, Str+4} (Okawaru
                  | gifted it to you on level 2 of the Orcish Mines)
 19285 | Orc:2    | Received a gift from Okawaru
 19512 | Orc:2    | Received a gift from Okawaru
 19523 | Orc:2    | Found Tunyhugg's Weapon Shoppe.
 19523 | Orc:2    | Found Uhixal Wed's Antique Weapon Shop.
 19524 | Orc:2    | Found Maaw's General Store.
 19524 | Orc:2    | Found Rumehyh's Book Shoppe.
 19537 | Orc:2    | Reached skill level 14 in Shields
 19570 | Orc:2    | Bought a pitted long sword for 263 gold pieces
 19570 | Orc:2    | Identified the +7 long sword of Polliucs {vorpal, rPois
                  | Str+7 Int+6} (You bought it in a shop on level 2 of the
                  | Orcish Mines)
 20177 | D:13     | Noticed Frances
 20201 | D:13     | Killed Frances
 20568 | D:13     | Identified the +8 demon blade of Eternal Vigilance {pain,
                  | Will+ Int-3 Stlth+} (Okawaru gifted it to you on level 13
                  | of the Dungeon)
 20568 | D:13     | Received a gift from Okawaru
 20649 | D:13     | Found a runed translucent gate.
 20649 | D:13     | Found a runed translucent gate.
 20649 | D:13     | Found a runed translucent gate.
 20650 | D:13     | Identified the +9 double sword of Kemiqer {vorpal, rC+
                  | SInv}
 20651 | D:13     | Noticed a storm dragon
 20693 | D:13     | Found a runed translucent gate.
 20694 | D:13     | Found a runed translucent gate.
 20694 | D:13     | Found a runed translucent gate.
 20707 | D:13     | Reached skill level 15 in Fighting
 20736 | D:13     | Identified the +0 leather armour of Wazxigesk {rElec rPois
                  | Str+4}
 21348 | Lair:5   | Found a staircase to the Slime Pits.
 21357 | Lair:5   | Reached XP level 15. HP: 123/141 MP: 16/16
 21512 | Lair:5   | Reached skill level 15 in Shields
 21927 | Lair:6   | Entered Level 6 of the Lair of Beasts
 22010 | Lair:6   | Identified the +4 scimitar of Dismemberment {pain, rC++
                  | Int-2} (Okawaru gifted it to you on level 6 of the Lair of
                  | Beasts)
 22010 | Lair:6   | Received a gift from Okawaru
 22484 | Lair:6   | Identified the +0 kite shield of Gieluonelo {rC+++ Regen+
                  | Str+5 Int-3} (Okawaru gifted it to you on level 6 of the
                  | Lair of Beasts)
 22484 | Lair:6   | Received a gift from Okawaru
 22724 | Lair:6   | Reached skill level 16 in Shields
 23888 | D:14     | Found a stormy altar of Qazlal.
 24007 | D:14     | Found a gate to the Vaults.
 24417 | D:15     | Entered Level 15 of the Dungeon
 24451 | D:15     | Found a staircase to the Depths.
 24695 | D:15     | Reached skill level 17 in Shields
 25261 | Spider:1 | Entered Level 1 of the Spider Nest
 25273 | Spider:1 | Reached XP level 16. HP: 151/151 MP: 17/17
 25284 | Spider:1 | Identified the +2 kite shield "Solexis" {rElec} (Okawaru
                  | gifted it to you on level 1 of the Spider Nest)
 25284 | Spider:1 | Received a gift from Okawaru
 26474 | Spider:1 | Reached skill level 18 in Shields
 27398 | Swamp:1  | Entered Level 1 of the Swamp
 27703 | Swamp:1  | Received a gift from Okawaru
 27931 | Swamp:1  | Identified the +0 pair of gloves of the Mackerel {Will+
                  | Int+6} (Okawaru gifted it to you on level 1 of the Swamp)
 27931 | Swamp:1  | Received a gift from Okawaru
 28383 | Elf:1    | Entered Level 1 of the Elven Halls
 28767 | Elf:1    | Got Sif Muna's Collected Works on Combat Magic
 29025 | Elf:1    | Reached skill level 19 in Shields
 29131 | Elf:1    | Reached XP level 17. HP: 162/162 MP: 18/18
 29564 | Elf:1    | Found Rahisto's General Store.
 29992 | D:6      | Killed kalagan's ghost
 29992 | D:6      | Identified the +5 plate armour of Knowledge {+Inv Regen+}
                  | (Okawaru gifted it to you on level 6 of the Dungeon)
 29992 | D:6      | Received a gift from Okawaru
 30478 | Elf:2    | Identified the +2 pair of gloves of Gallantry {rN+ Regen+}
 30534 | Elf:2    | Paralysed by an air elemental for 1 turns
 30793 | Elf:2    | Found a runed translucent door.
 30827 | Elf:2    | Reached skill level 20 in Shields
 30828 | Elf:2    | Found a runed translucent door.
 30965 | Elf:3    | Entered Level 3 of the Elven Halls
 31110 | Elf:3    | Paralysed by an air elemental for 1 turns
 31254 | Elf:3    | Found Igewingo's One-of-a-Kind Books.
 31400 | Elf:3    | Paralysed by an air elemental for 1 turns
 31571 | Elf:3    | Paralysed by an air elemental for 1 turns
 31706 | Elf:3    | Noticed a deep elf blademaster
 31707 | Elf:3    | Noticed a deep elf master archer
 31711 | Elf:3    | Noticed a deep elf blademaster
 31714 | Elf:3    | Noticed a deep elf master archer
 31722 | Elf:3    | Killed a deep elf blademaster
 31733 | Elf:3    | Killed a deep elf master archer
 31734 | Elf:3    | Killed a deep elf master archer
 31735 | Elf:3    | Killed a deep elf blademaster
 31735 | Elf:3    | Identified the +4 plate armour of Agnosticism {+Blink}
                  | (Okawaru gifted it to you on level 3 of the Elven Halls)
 31735 | Elf:3    | Received a gift from Okawaru
 31877 | Elf:3    | Killed a ghostly deep elf master archer
 31898 | Elf:3    | Reached skill level 5 in Dodging
 31914 | Elf:3    | Noticed a Hell Sentinel
 31919 | Elf:3    | Noticed a Tzitzimitl
 31930 | Elf:3    | HP: 5/163 [Hell Sentinel/damnation[a deep elf demonologist]
                  | (38)]
 32263 | Elf:3    | Noticed a Hell Sentinel
 32319 | Elf:3    | Identified the +8 long sword of Valour {vorpal, Dex+2}
 32776 | Lair:1   | Identified a scroll of acquirement
 33038 | Elf:3    | Found the +7 pair of quick blades "Gyre" and "Gimble"
                  | {protect}
 33063 | Elf:3    | Got Qayraod's Reference Book on the Cankerous Traveller
 33094 | Elf:3    | Got Boesk's Guide on Lightness
 33099 | Elf:3    | Got the Reference Book on Conjuration and the Volcanoes
 33591 | Swamp:2  | Reached XP level 18. HP: 116/171 MP: 19/19
 33851 | Swamp:2  | You are sucked into a shaft and drop 1 floor!
 34188 | Swamp:3  | Received a gift from Okawaru
 34189 | Swamp:3  | Reached skill level 21 in Shields
 35324 | Swamp:4  | Entered Level 4 of the Swamp
 35415 | Swamp:4  | Mangled by a bunyip

Illustrated notes

Levels and vault maps discovered:
D:1:      saegor_arrival_simple_e, layout_basic,
          ebering_ecumenical_altar_abandoned, minivault_25,
          chequers_serial_rivers_micro_a, hex_large, skrybe_limestone_x
D:2:      layout_loops_corners, basic_altar, minmay_misc_feat_roman,
          minmay_tetromino_t4
D:3:      layout_loops_ring, lemuel_coloured_pillars_altar
D:4:      layout_basic, minmay_temple_entry_fiery, serial_undead,
          serial_undead_c, serial_undead_c, serial_undead_e, serial_undead_e,
          serial_undead_c, serial_undead_f
D:5:      layout_basic, grunt_decor_junction
D:6:      layout_cave_pools, mainiacjoe_overflow_tiny_flanked,
          gammafunk_ghost_stat_death
D:7:      layout_basic
D:8:      layout_basic, minmay_lindwurm_lava
D:9:      layout_rooms, nzn_wu_jian_contemplation, enter_bailey_5
D:10:     layout_loops_ring, fedhas_ov_isle_minmay, erik_lair_orcish_takeover
D:11:     layout_long_grid, minmay_orc_entry_temple_small,
          chequers_serial_rivers_large_a
D:12:     layout_rooms, blue_anna_alchemist
D:13:     kennysheep_treasure_stockpile, layout_long_grid, uniq_frances
D:14:     layout_loops_ring, erik_vaults_2, nicolae_qazlal_general_emergency,
          roderic_lattice_a
D:15:     hangedman_depths_entry_try_elsewhere_first, layout_loops_ring,
          corexii_leaking_fountain
Temple:   eino_narrow_crystal_temple
Lair:1:   dreamdust_isle_of_ice, layout_cave_pods, serial_bayou_shore_b
Lair:2:   layout_cave_pods, nicolae_spider_entry_non_spiders, lemuel_fruit_tree,
          grunt_megastairs_1, infiniplex_staircase_pool
Lair:3:   layout_chaotic_city, minmay_swamp_entry_eels, minivault_23
Lair:4:   layout_hall_layers, infiniplex_staircase_pool_2
Lair:5:   layout_roguey, slime_dummy, nicolae_lair_run_with_the_wolves,
          grunt_megastairs_3
Lair:6:   minmay_lair_end_enchanted_forest, layout_regular_city
Swamp:1:  layout_basic_swamp, evilmike_swamp_ruin_rubble_2, swamp_pool2,
          beargit_elvish_explorers
Swamp:2:  layout_basic_swamp, serial_swamp_ruin, hangedman_swamp_ruin_hall,
          evilmike_swamp_ruin_house_1
Swamp:3:  nicolae_swamp_long_stream, layout_basic_swamp,
          nicolae_swamp_orc_logging_accident, swamp_pool3
Swamp:4:  swamp_pestilence, layout_basic_swamp, swamp_pool1, worms_lemuel
Spider:1: nicolae_spider_mines_3
Orc:1:    layout_caves, lightli_volcano_entry_magma_tube, basic_altar
Orc:2:    st_orc_ogre_mass, layout_caves, serial_shops, shop
Elf:1:    kennysheep_blocky_room, layout_geoelf_grid, serial_shops, shop,
          minmay_elf_annihilation
Elf:2:    elven_hall_of_blades_hangedman_original
          [nicolae_blade_entry_splitting_headache], layout_geoelf_diagonals
Elf:3:    elf_hall, layout_geoelf_castle, nicolae_rare_books,
          due_unseen_surprise

Skill      XL: |  1  2  3  4  5  6  7  8  9 10 11 12 13 14 15 16 17 18 |
---------------+-------------------------------------------------------+-----
Fighting       | 4 5 6 7 8 10 11 13 15 16 17 18 | 18.8
Armour         | 4 5 6 7 8 9 11 12 14 15 16 17 18 19 | 19.4
Long Blades    | 3 4 5 6 7 9 11 12 14 15 16 18 19 | 19.8
Shields        | 4 5 6 7 9 10 12 13 14 17 19 20 21 | 21.2
Dodging        | 1 2 3 4 5 |  5.0
Evocations     | 1 2 3 |  3.0
Invocations    | 2 3 |  3.2
Short Blades   | 1 3 |  3.5
Stealth        | 1 |  1.3

Action                   |  1- 3 |  4- 6 |  7- 9 | 10-12 | 13-15 | 16-18 || total
-------------------------+-------+-------+-------+-------+-------+-------++-------
Melee: Long sword        |    98 |   104 |       |       |   636 |  1124 ||  1962
       Headbutt          |    10 |    22 |    52 |   147 |   267 |   250 ||   748
       Falchion          |       |    21 |   240 |   616 |       |       ||   877
       Demon blade       |       |       |       |   106 |   387 |       ||   493
       Short sword       |       |       |       |     6 |    20 |       ||    26
       Scimitar          |       |       |       |       |     5 |     5 ||    10
Invok: Heroism           |       |       |     1 |    16 |     9 |     7 ||    33
Evoke: Wand              |       |       |       |    22 |       |    13 ||    35
  Use: Scroll            |       |     6 |     4 |     7 |     9 |     8 ||    34
       Potion            |       |       |       |     1 |     1 |     1 ||     3
 Stab: Distracted        |       |       |       |       |       |     1 ||     1
Armor: Scale mail        |    54 |     1 |       |       |       |       ||    55
       Plate armour      |       |   105 |   185 |   498 |   533 |   722 ||  2043
       Fire dragon scale |       |       |       |       |    34 |       ||    34
Dodge: Dodged            |    54 |    30 |   109 |   323 |   414 |   460 ||  1390
Block: Buckler           |    22 |    38 |    81 |   246 |    41 |       ||   428
       Kite shield       |       |       |       |       |   621 |   903 ||  1524
